 Dungeon Crawl Stone Soup version 0.31-a0-879-g1609e0ac53 (webtiles) character file.

Game seed: 18436283265717506608

31117 t4s4d4r the Zephyrmancer (level 13, -15/74 HPs)
             Began as a Deep Elf Air Elementalist on Oct 14, 2023.
             Was a Priest of Vehumet.
             Demolished by a frost giant (shapeshifter) (17 damage)
             ... on level 12 of the Dungeon.
             The game lasted 00:27:22 (19480 turns).

t4s4d4r the Zephyrmancer (DEAE)                    Turns: 19480, Time: 00:27:22

Health: -15/74     AC: 15    Str: 13    XL:     13   Next: 24%
Magic:  4/29       EV: 30    Int: 24    God:    Vehumet [***...]
Gold:   754        SH:  0    Dex: 15    Spells: 17/32 levels left

rFire   + . .        a - +9 lance "Wyrmbane" {slay drac, rPois rF+ rC+ AC+3}
rCold   + . .        (no shield)
rNeg    . . .        G - +1 acid dragon scales
rPois   +            o - +1 helmet
rElec   .            (no cloak)
rCorr   +            O - +0 pair of gloves
SInv    .            h - +0 pair of boots
Will    ++...        d - amulet of the acrobat
Stlth   ++++         H - ring of willpower
HPRegen 0.32/turn    e - +6 ring of strength
MPRegen 0.21/turn

%: acrobat
@: acrobatic
A: no striking features
a: Renounce Religion


You were on level 12 of the Dungeon.
You worshipped Vehumet.
Vehumet was most pleased with you.
You visited 2 branches of the dungeon, and saw 15 of its levels.
You also visited: Sewer.

You collected 754 gold pieces.

Inventory:

Hand Weapons
 a - the +9 lance "Wyrmbane" (weapon) {slay drac, rPois rF+ rC+ AC+3}
   (You took it off Maggie on level 8 of the Dungeon)

   AC+3:      It affects your AC (+3).
   rF+:       It protects you from fire.
   rC+:       It protects you from cold.
   rPois:     It protects you from poison
 b - a +2 dagger of venom
Armour
 h - a +0 pair of boots (worn)
 m - +0 steam dragon scales
 o - a +1 helmet (worn)
 u - a +0 buckler
 F - a +2 robe of cold resistance
 G - +1 acid dragon scales (worn)
 I - a +0 kite shield
 J - a +0 troll leather armour
 O - a +0 pair of gloves (worn)
Magical Staves
 N - a staff of fire
Jewellery
 d - an amulet of the acrobat (around neck)
 e - a +6 ring of strength (right hand)
 q - a ring of flight
 C - a ring of resist corrosion
 H - a ring of willpower (left hand)
Wands
 y - a wand of flame (8)
 P - a wand of paralysis (5)
 S - a wand of mindburst (13)
Scrolls
 i - 2 scrolls of fog
 k - 4 scrolls of amnesia
 n - 4 scrolls of teleportation
 t - 3 scrolls of revelation
 x - a scroll of poison {unknown}
 A - a scroll of acquirement {unknown}
 B - a scroll of vulnerability
 E - a scroll of enchant armour {unknown}
 L - a scroll of enchant weapon
 M - a scroll of immolation
 R - 4 scrolls of identify
Potions
 c - 3 potions of attraction
 f - 5 potions of enlightenment
 g - 4 potions of brilliance
 j - 4 potions of haste
 l - a potion of might
 p - a potion of lignification
 r - a potion of magic
 s - a potion of invisibility {unknown}
 v - 3 potions of mutation {unknown}
 w - 2 potions of berserk rage {unknown}
 z - 3 potions of curing
 K - a potion of heal wounds
 Q - a potion of degeneration {unknown}


   Skills:
 - Level 6.1 Fighting
 - Level 6.5 Polearms
 + Level 4.6 Armour
 - Level 8.4 Dodging
 - Level 9.0 Stealth
 - Level 10.4 Spellcasting
 - Level 6.4 Conjurations
 - Level 7.5 Ice Magic
 - Level 11.1 Air Magic
 - Level 5.4 Evocations


You had 17 spell levels left.
You knew the following spells:

 Your Spells              Type           Power      Damage    Failure   Level
a - Shock                 Conj/Air       100%       1d9       1%          1
b - Static Discharge      Conj/Air       100%       2-7/arc   1%          2
c - Swiftness             Air            60%        N/A       1%          3
d - Airstrike             Air            30%        2d(5-21)  1%          4
e - Freezing Cloud        Conj/Ice/Air   25%        6-21      1%          5

Your spell library contained the following spells:

 Spells                   Type           Power      Damage    Failure   Level
 Scorch                   Fire           24%        2d6       3%          2
 Kiss of Death            Conj/Necr      100%       2d13      1%          1
 Magic Dart               Conj           100%       1d8       1%          1
 Poisonous Vapours        Pois/Air       78%        N/A       1%          2
 Searing Ray              Conj           86%        2d7       1%          2
 Dazzling Flash           Conj/Hex       54%        N/A       1%          3
 Mephitic Cloud           Conj/Pois/Air  40%        N/A       1%          3
 Cigotuvi's Dreadful Rot  Necr/Pois/Air  60%        N/A       2%          2
 Fulminant Prism          Conj/Hex       13%        3d8       5%          4
 Ignite Poison            Fire/Tmut/Pois 12%        N/A       6%          3
 Sting                    Tmut/Pois      48%        1d5       7%          1
 Jinxbite                 Hex            24%        N/A       11%         2
 Lesser Beckoning         Tloc           24%        N/A       11%         2
 Sublimation of Blood     Necr           12%        N/A       11%         2
 Wereblood                Tmut           12%        N/A       11%         2
 Olgreb's Toxic Radiance  Pois           12%        N/A       17%         4
 Confusing Touch          Hex            12%        N/A       22%         3
 Gell's Gravitas          Tloc           12%        N/A       22%         3
 Sigil of Binding         Hex            12%        N/A       22%         3
 Teleport Other           Tloc           12%        N/A       22%         3
 Anguish                  Hex/Necr       6%         N/A       56%         4
 Animate Dead             Necr           12%        N/A       56%         4
 Cause Fear               Hex            6%         N/A       56%         4
 Dispel Undead            Necr           12%        3d9       56%         4
 Enfeeble                 Hex            6%         N/A       100%        7
 Haunt                    Necr/Summ      6%         N/A       100%        7
 Summon Hydra             Summ           6%         N/A       100%        7
 Discord                  Hex            6%         N/A       100%        8
 Ignition                 Fire           6%         3d4       100%        8
 Infestation              Necr           6%         N/A       100%        8
 Polar Vortex             Ice            24%        12d3*     100%        9


Dungeon Overview and Level Annotations

Branches:
Dungeon (14/15)            Temple (1/1) D:5            Lair (0/5) D:11
    Orc (0/2) D:9           Sewer (visited)
 Vaults: D:13-14

Altars:
Ashenzari
Cheibriados
Dithmenos
Elyvilon
Fedhas
Gozag
Hepliaklqana
Kikubaaqudgha
Makhleb
Nemelex Xobeh
Okawaru
Qazlal
Ru
Sif Muna
Trog
Uskayaw
Vehumet
Wu Jian
Xom
Yredelemnul
Zin
The Shining One

Shops:
D:1 (   D:8 :*   D:9 (

Annotations:
D:3 1 runed translucent door, Crazy Yiuf
D:11 Harold


Message History

The frost giant partially resists.
The frost giant is severely wounded.
The now-empty wand crumbles to dust.
The frost giant completely misses you.
Unknown command.
Unknown command.
Aiming: Throw Flame
Press: ? - help, Shift-Dir - straight line, f - frost giant
Aim: a frost giant shaped shifter (severely wounded, 98% to hit)
The puff of flame hits the frost giant.
The frost giant is severely wounded.
The frost giant barely misses you.
Unknown command.
Unknown command.
Aiming: Mindburst
Press: ? - help, Shift-Dir - straight line, f/p - frost giant
Aim: a frost giant shaped shifter (severely wounded, chance to affect: 34%)
The frost giant easily resists.
The frost giant hits you but does no damage.
Unknown command.
Aiming: Mindburst
Press: ? - help, Shift-Dir - straight line, f/p - frost giant
Aim: a frost giant shaped shifter (severely wounded, chance to affect: 34%)
The frost giant easily resists.
The frost giant hits you!!
Unknown command.
Aiming: Mindburst
Press: ? - help, Shift-Dir - straight line, f/p - frost giant
Aim: a frost giant shaped shifter (severely wounded, chance to affect: 34%)
The frost giant easily resists.
The frost giant hits you!!
* * * LOW HITPOINT WARNING * * *
Unknown command.
Unknown command.
Aiming: Mindburst
Press: ? - help, Shift-Dir - straight line, f/p - frost giant
Aim: a frost giant shaped shifter (severely wounded, chance to affect: 34%)
The frost giant easily resists.
The frost giant hits you.
* * * LOW HITPOINT WARNING * * *
Unknown command.
The frost giant attacks as it pursues you!
The frost giant hits you!
You die...

####.......#
...#.#####.#
##......#..#####
####.#.........# #
#.#.#.#.#.#.## #
#............#
#...#.#.#.#..#
####..........###
###....#.#.#...C@.#
................#.#
###....)..#>#####.###
............# #...###
..#....[....#####.#...#
....#.#.#.#.#....(....#
..............#.#.#.#.#
.##.#.#.#.#...........#
###..[........#.#.#.#.#


You could see a frost giant shaped shifter.

Vanquished Creatures
  3 hydras
  6 two-headed ogres
  3 centaur warriors
  Erica (D:8)
  2 skeletal warriors (D:13)
  Pikel (D:8)
  A deep elf zephyrmancer (D:12)
  An orc knight (D:12)
  2 deep elf pyromancers
  3 manticores
  3 cyclopes (D:12)
  An ugly thing (D:11)
  An elephant (D:11)
  2 gargoyles
  Maggie (D:8)
  Jeremiah (D:8)
  2 unseen horrors (D:11)
  4 kobold demonologists (D:12)
  2 freezing wraiths (D:12)
  An efreet (D:12)
  5 trolls
  A hornet (D:9)
  13 slime creatures
  16 yaks
  2 shadows
  A centaur simulacrum (D:12)
  Grum (D:11)
  2 water elementals (D:13)
  2 wraiths (D:12)
  A basilisk (D:11)
  3 wyverns
  4 vampire mosquitoes (D:12)
  2 steam dragons
  A redback (shapeshifter) (D:14)
  2 water moccasins
  An acid dragon (D:13)
  7 orc warriors
  A sky beast (D:7)
  A black bear (D:11)
  5 ogres
  An ice beast (D:5)
  11 centaurs
  2 wolves (D:11)
  A lemure (D:8)
  7 kobold brigands
  2 bullfrogs
  3 scorpions
  5 gnoll sergeants
  4 wights (D:7)
  7 howler monkeys
  4 electric eels (D:13)
  A hound (D:5)
  A jelly (D:7)
  3 orc priests
  Terence (D:2)
  2 iguanas
  5 orc wizards
  A hell rat (Sewer)
  Robin (D:2)
  16 gnolls
  7 adders
  3 river rats
  3 shadow imps
  2 ufetubi (D:6)
  4 worms
  32 orcs
  3 bats
  11 endoplasms
  6 giant cockroaches
  16 goblins
  7 hobgoblins
  2 jackals (D:2)
  20 kobolds
  6 quokkas
  10 ball pythons
  4 frilled lizards
  8 rats
334 creatures vanquished.

Notes
Turn   | Place    | Note
-------+----------+-------------------------------------------
     0 | D:1      | t4s4d4r the Deep Elf Air Elementalist began the quest for
                  | the Orb.
     0 | D:1      | Reached XP level 1. HP: 10/10 MP: 6/6
   350 | D:1      | Reached XP level 2. HP: 14/15 MP: 2/8
   529 | D:1      | Found a faded altar of an unknown god.
   761 | D:1      | Learned a level 2 spell: Static Discharge
  1077 | D:1      | Found Ytwiatu's Weapon Shop.
  1083 | D:1      | Reached XP level 3. HP: 19/19 MP: 7/10
  1365 | D:2      | Learned a level 3 spell: Swiftness
  1601 | D:2      | Found a white marble altar of Elyvilon.
  1670 | D:2      | Noticed Robin
  1690 | D:2      | Killed Robin
  1691 | D:2      | Reached XP level 4. HP: 24/24 MP: 2/12
  1869 | D:2      | Noticed Terence
  1876 | D:2      | Killed Terence
  2172 | D:2      | Learned a level 4 spell: Airstrike
  2311 | D:3      | Reached skill level 4 in Air Magic
  2552 | D:3      | Reached XP level 5. HP: 28/28 MP: 12/14
  2833 | D:3      | Found a runed translucent door.
  2834 | D:3      | Noticed Crazy Yiuf
  3163 | D:4      | Noticed an ogre
  3259 | D:4      | Reached skill level 1 in Fighting
  3324 | D:4      | Found a glowing drain.
  3329 | Sewer    | Entered a sewer
  3834 | D:4      | Found a sparkling altar of Nemelex Xobeh.
  3842 | D:4      | Reached skill level 5 in Air Magic
  3891 | D:4      | Killed an ogre
  3892 | D:4      | Reached XP level 6. HP: 34/34 MP: 7/15
  4327 | D:5      | Entered Level 5 of the Dungeon
  4457 | D:5      | Reached skill level 5 in Spellcasting
  4561 | D:5      | Reached XP level 7. HP: 40/40 MP: 7/16
  4680 | D:5      | Found a white marble altar of Elyvilon.
  4807 | D:5      | Found a hide-covered altar of Uskayaw.
  4872 | D:5      | Reached skill level 6 in Air Magic
  4903 | D:5      | Found a staircase to the Ecumenical Temple.
  4919 | Temple   | Entered the Ecumenical Temple
  5465 | D:5      | Found an ornate altar of the Wu Jian Council.
  5672 | D:6      | Reached skill level 7 in Air Magic
  5867 | D:6      | Reached XP level 8. HP: 44/44 MP: 15/19
  6417 | D:7      | Reached skill level 8 in Air Magic
  7330 | D:7      | Learned a level 5 spell: Freezing Cloud
  7933 | D:8      | Noticed Jeremiah
  7965 | D:8      | Noticed Maggie
  7970 | D:8      | Killed Maggie
  7971 | D:8      | Reached XP level 9. HP: 52/52 MP: 3/23
  8217 | D:8      | Reached skill level 1 in Evocations
  8465 | D:8      | Noticed Erica
  8475 | D:8      | Killed Erica
  8476 | D:8      | Reached skill level 5 in Stealth
  8603 | D:8      | Noticed Pikel
  8627 | D:8      | Killed Pikel
  8810 | D:8      | Reached skill level 9 in Air Magic
  8944 | D:8      | Found Guhost's Elemental Accessories.
  8991 | D:8      | Killed Jeremiah
  9124 | D:8      | Reached XP level 10. HP: 44/58 MP: 10/24
  9134 | D:8      | HP: 2/58 [yak (10)]
  9137 | D:8      | Reached skill level 10 in Air Magic
  9337 | D:8      | Reached skill level 1 in Ice Magic
  9562 | D:8      | Found Valiuw's Tremendous Tomes.
  9633 | D:9      | Found a staircase to the Orcish Mines.
 10000 | D:9      | Reached skill level 5 in Ice Magic
 10107 | D:9      | Found a blossoming altar of Fedhas.
 10546 | D:9      | Found Yrum's Antique Weapon Shop.
 10659 | D:9      | Found a radiant altar of Vehumet.
 10680 | D:9      | Became a worshipper of Vehumet
 10877 | D:9      | Found a shadowy altar of Dithmenos.
 11334 | D:9      | Noticed a two-headed ogre
 11346 | D:9      | Killed a two-headed ogre
 11347 | D:9      | Reached skill level 10 in Spellcasting
 11347 | D:9      | Reached XP level 11. HP: 62/62 MP: 10/27
 11573 | D:9      | Found a glowing silver altar of Zin.
 11602 | D:9      | Reached skill level 5 in Conjurations
 12011 | D:10     | Entered Level 10 of the Dungeon
 12501 | D:10     | Identified the +5 falchion of Darkness {heavy, +Blink}
 13064 | D:10     | Found a basalt altar of Yredelemnul.
 13540 | D:10     | Found a shimmering blue altar of Sif Muna.
 13663 | D:11     | Reached skill level 1 in Polearms
 13781 | D:11     | Found a frozen archway.
 14253 | D:11     | Noticed Harold
 14281 | D:11     | Noticed a two-headed ogre
 14285 | D:11     | Killed a two-headed ogre
 14380 | D:11     | Noticed Grum
 14383 | D:11     | Killed Grum
 14553 | D:11     | Noticed a green ugly thing
 14580 | D:11     | Killed a green ugly thing
 14581 | D:11     | Reached skill level 5 in Polearms
 14875 | D:11     | You fall into a shaft and drop 3 floors!
 14897 | D:14     | Noticed a five-headed hydra
 14904 | D:14     | Killed a five-headed hydra
 15036 | D:14     | Noticed a centaur warrior
 15044 | D:14     | Reached * piety under Vehumet
 15044 | D:14     | Offered knowledge of Foxfire by Vehumet.
 15045 | D:14     | Killed a centaur warrior
 15179 | D:13     | Reached XP level 12. HP: 67/67 MP: 4/28
 15473 | D:13     | Noticed a two-headed ogre
 15480 | D:13     | Killed a two-headed ogre
 15630 | D:13     | Reached skill level 11 in Air Magic
 16045 | D:13     | Reached skill level 5 in Evocations
 16515 | D:12     | Reached skill level 5 in Fighting
 16642 | D:12     | Reached ** piety under Vehumet
 16782 | D:12     | Offered knowledge of Momentum Strike by Vehumet.
 16788 | D:12     | Identified the +6 chain mail "Laemeto" {rElec Dex+3}
 16852 | D:11     | Noticed a two-headed ogre
 16858 | D:11     | Killed a two-headed ogre
 17010 | D:11     | Noticed a two-headed ogre
 17015 | D:11     | Killed a two-headed ogre
 17217 | D:11     | Found a staircase to the Lair.
 17679 | D:12     | Noticed an eight-headed hydra
 17682 | D:12     | Killed an eight-headed hydra
 17768 | D:12     | Noticed a centaur warrior
 17774 | D:12     | Killed a centaur warrior
 17883 | D:12     | Got a conspicuous book
 18534 | D:12     | Reached skill level 1 in Armour
 18534 | D:12     | Reached XP level 13. HP: 74/74 MP: 4/29
 18598 | D:12     | Offered knowledge of Scorch by Vehumet.
 19426 | D:12     | Reached *** piety under Vehumet
 19431 | D:12     | Noticed an azure jelly
 19465 | D:12     | an azure jelly changed into a frost giant
 19465 | D:12     | Noticed a frost giant (shapeshifter)
 19478 | D:12     | HP: 2/74 [frost giant (shapeshifter) (22)]
 19480 | D:12     | Demolished by a frost giant (shapeshifter)

Illustrated notes

Levels and vault maps discovered:
D:1:      dpeg_arrival_simpleton_a, layout_basic,
          shapermc_ecumenical_altar_starsandcircs, serial_forest,
          infiniplex_forest_split, infiniplex_forest_clump_tiny,
          infiniplex_forest_diagonal, infiniplex_forest_corner_1, serial_shops,
          nicolae_shop_trees
D:2:      layout_rooms, basic_altar, chequers_serial_rivers_micro_a, uniq_robin,
          uniq_terence, uniq_natasha
D:3:      layout_basic, serial_forest, infiniplex_forest_lined_2,
          infiniplex_forest_clump_small, infiniplex_forest_clump_medium,
          infiniplex_forest_lined_3, uniq_crazy_yiuf_cottage
D:4:      layout_basic, nemelex_dance_club_becter, gup_sewer_entry_spiral,
          serial_bayou, serial_bayou_shore_b, serial_bayou_lagoon_a,
          serial_bayou_ford_a, serial_bayou_crossing, serial_bayou_shore_a
D:5:      layout_loops_ring, mainiacjoe_overflow_paths,
          nicolae_wu_jian_immortal_techniques, nicolae_elyvilon_temple_path,
          minmay_temple_entry_tees, grunt_ministairs_4
D:6:      layout_loops_ring
D:7:      layout_basic, amcnicky_mini_pool_small, grunt_ministairs_15,
          kennysheep_nondescript
D:8:      layout_loops_ring, nicolae_shop_i_like_big_books,
          nicolae_elemental_shop, uniq_maggie, uniq_jeremiah, uniq_erica,
          uniq_pikel
D:9:      layout_roguey, fiery_altar_vehumet, fedhas_altar_4,
          grunt_dithmenos_smoke_and_mirrors, zin_statuary,
          kennysheep_orc_monster_closet_entryway, serial_shops, shop
D:10:     layout_loops_corners, tgw_sif, mainiacjoe_overflow_boulevard
D:11:     layout_loops_corners, david_lair_generic,
          portal_ice_cave_entry_pillars_1, uniq_grum, uniq_harold
D:12:     minmay_swirls_squares, layout_loops_cross, serial_glass,
          glass_columns_a, glass_columns_b, glass_columns_a, glass_columns_c,
          glass_columns_a, glass_columns_b, glass_columns_c, glass_columns_a,
          glass_columns_c, glass_columns_b, glass_columns_a, glass_columns_b,
          glass_columns_a, glass_columns_a
D:13:     nicolae_moon_pools, layout_irregular_city, serial_shops,
          nicolae_shop_real_fake_doors, kennysheep_crisscross
D:14:     layout_basic, david_vaults_2, okawaru_metal_pillars_1_2,
          nicolae_qazlal_general_emergency, uniq_louise
Temple:   nicolae_temple_x_marks_the_god

Skill      XL: |  1  2  3  4  5  6  7  8  9 10 11 12 13 |
---------------+----------------------------------------+-----
Conjurations   | 2 3 4 5 6 |  6.4
Spellcasting   | 4 5 6 8 10 | 10.4
Air Magic      | 4 5 7 8 9 10 11 | 11.1
Fighting       | 1 2 4 6 |  6.1
Dodging        | 6 8 |  8.4
Stealth        | 6 9 |  9.0
Evocations     | 3 5 |  5.4
Ice Magic      | 6 7 |  7.5
Polearms       | 6 |  6.5
Armour         | 1 4 |  4.6

Action                     |  1- 3 |  4- 6 |  7- 9 | 10-12 | 13-15 || total
---------------------------+-------+-------+-------+-------+-------++-------
  Melee: Short sword       |     1 |       |       |       |       ||     1
         Rapier            |       |    15 |     1 |       |       ||    16
         Lance             |       |       |    12 |    89 |     5 ||   106
   Cast: Shock             |    76 |   114 |   161 |   165 |       ||   516
         Static Discharge  |     1 |    12 |    25 |    42 |       ||    80
         Airstrike         |       |     1 |    38 |   179 |    42 ||   260
         Swiftness         |       |       |     3 |       |       ||     3
         Freezing Cloud    |       |       |       |    36 |     3 ||    39
  Evoke: Wand              |       |       |     1 |    15 |    10 ||    26
    Use: Scroll            |       |    11 |     7 |     3 |     1 ||    22
         Potion            |       |       |       |     2 |       ||     2
   Stab: Paralysed         |       |       |       |     7 |       ||     7
 Armour: Robe              |     7 |    15 |    25 |       |       ||    47
         Acid dragon scale |       |       |    19 |   209 |    21 ||   249
  Dodge: Dodged            |    10 |    21 |    50 |   171 |    24 ||   276

Table legend: (Time is in decaauts)
 A = Elapsed time spent in this place.
 B = Non-inter-level travel time spent in this place.
 C = Inter-level travel time spent in this place.
 D = Time resting spent in this place.
 E = Time spent auto-exploring this place.
 F = Levels seen in this place.
 G = Mean time per level.
                   A        B        C        D        E       F      G
               +--------+--------+--------+--------+--------+-----+--------+
         Total |  19479 |  19018 |    461 |   5998 |  10556 |  16 | 1217.4 |
       Dungeon |  19036 |  18575 |    461 |   5670 |  10487 |  14 | 1359.7 |
        Temple |    205 |    205 |      0 |    192 |      0 |   1 |  205.0 |
         Sewer |    236 |    236 |      0 |    136 |     69 |   1 |  236.0 |
               +--------+--------+--------+--------+--------+-----+--------+

Top non-repeatable levels by time:
     D:9: 2608 daAuts
    D:11: 2272 daAuts
    D:12: 2071 daAuts
     D:7: 1779 daAuts
     D:8: 1763 daAuts
     D:1: 1349 daAuts
    D:13: 1237 daAuts
    D:10: 1232 daAuts
     D:5: 1020 daAuts
     D:4: 985 daAuts
     D:3: 931 daAuts
     D:2: 824 daAuts
     D:6: 689 daAuts
    D:14: 270 daAuts
   Sewer: 236 daAuts
